 Dungeon Crawl Stone Soup version 0.30.1-9-gdf580d7c3d (webtiles) character file.

Game seed: 1314091433419853728

1604324 LordWeiramon the Conqueror (level 26, 214/214 (217) HPs)
             Began as a Demonspawn Hunter on Oct 9, 2023.
             Was the Champion of Dithmenos.
             Escaped with the Orb
             ... and 3 runes on Oct 10, 2023!
             The game lasted 05:58:55 (76673 turns).

LordWeiramon the Conqueror (Demonspawn Hunter)     Turns: 76673, Time: 05:58:55

HP:   214/214 (217) AC: 30    Str: 20    XL:     26   Next: 75%
MP:   26/26         EV: 41    Int: 14    God:    Dithmenos [******]
Gold: 4462          SH: 23    Dex: 36    Spells: 25/25 levels left

rFire   + + +        a - +8 rapier of Voracious Tender Mercy {protect, *Noise rElec rF++ Str+2}
rCold   + . .        T - +5 kite shield {reflect}
rNeg    + + .        m - +6 acid dragon scales
rPois   +            c - +2 hat {Will+}
rElec   +            (cloak unavailable)
rCorr   +            S - +1 pair of gloves of Follow the Leader {rC+ Int+3}
SInv    +            A - +1 pair of boots of the Engineer {SInv}
Will    ++...        P - macabre finger necklace {Finger+ rN+}
Stlth   ++++++       x - +6 ring of dexterity
HPRegen 0.55/turn    e - ring "Aliacs" {Dex+6 Slay+3}
MPRegen 0.20/turn    R - ring of Xom's Entertainment {rPois rF+ rN+ SInv Stlth+}

%: reflection, clarity
@: under a protective aura, wreathed by umbra, lightly drained
A: demonic guardian 3, ignite blood 3, sanguine armour 3, corrupting presence 2,
weakness stinger 3, horns 1, clarity, frail 1, mutation resistance 1, sense
surroundings 1, strong 1, inability to drink after injury 1, inability to read
after injury 1
0: Orb of Zot
}: 3/15 runes: decaying, silver, gossamer
a: Renounce Religion, Shadow Step, Shadow Form


You escaped.
You worshipped Dithmenos.
Dithmenos was exalted by your worship.
You visited 10 branches of the dungeon, and saw 50 of its levels.
You also visited: Bailey and Gauntlet.

You collected 10176 gold pieces.
You spent 5714 gold pieces at shops.

Inventory:

Hand Weapons
 a - the +8 rapier of Voracious Tender Mercy (weapon) {protect, *Noise rElec rF++ Str+2}
   (You took it off a deep elf annihilator on level 3 of the Elven Halls)

   Str:       It affects your strength (+2).
   rF:        It greatly protects you from fire.
   rElec:     It insulates you from electricity.
   *Noise:    It may make noises in combat.
 b - a +9 rapier of freezing
Armour
 c - a +2 hat of willpower (worn)
 m - +6 acid dragon scales (worn)
 s - the +2 helmet of the Forgotten Bounties {rC+ Will+}
   (You found it in a Gauntlet)

   rC:        It protects you from cold.
   Will:      It increases your willpower.
 A - the +1 pair of boots of the Engineer (worn) {SInv}
   (You found it on level 4 of the Spider Nest)

   SInv:      It lets you see invisible.
 S - the +1 pair of gloves of Follow the Leader (worn) {rC+ Int+3}
   (You acquired it on level 5 of the Realm of Zot)

   Int:       It affects your intelligence (+3).
   rC:        It protects you from cold.
 T - a +5 kite shield of reflection (worn)
Jewellery
 e - the ring "Aliacs" (right hand) {Dex+6 Slay+3}
   (You bought it in a shop on level 5 of the Vaults)

   [ring of dexterity]

   Dex:       It affects your dexterity (+6).
   Slay:      It affects your accuracy & damage with ranged weapons and melee
   (+3).
 p - a ring of protection from fire
 x - a +6 ring of dexterity (left hand)
 z - the ring "Iffuiffe" {rPois rN+ Str+2 Dex+2}
   (You found it on level 3 of the Crypt)

   [ring of positive energy]

   Str:       It affects your strength (+2).
   Dex:       It affects your dexterity (+2).
   rPois:     It protects you from poison.
   rN:        It protects you from negative energy.
 B - a ring of willpower
 D - a +4 ring of slaying
 P - the macabre finger necklace (around neck) {Finger+ rN+}
   (You found it on level 11 of the Dungeon)

   [amulet of nothing]

   Finger+:   It enables you to equip an extra ring.
   rN:        It protects you from negative energy.
 R - the ring of Xom's Entertainment (on amulet) {rPois rF+ rN+ SInv Stlth+}
   (You found it in a Gauntlet)

   [ring of poison resistance]

   rF:        It protects you from fire.
   rPois:     It protects you from poison.
   rN:        It protects you from negative energy.
   SInv:      It lets you see invisible.
   Stlth:     It makes you more stealthy.
 V - a ring of protection from fire
Wands
 g - a wand of paralysis (41)
 n - a wand of mindburst (30)
 G - a wand of acid (24)
 J - a wand of digging (28)
 K - a wand of flame (123)
 O - a wand of iceblast (37)
Scrolls
 i - 2 scrolls of summoning
 j - 10 scrolls of vulnerability
 r - 19 scrolls of poison
 w - 14 scrolls of fog
 y - 4 scrolls of magic mapping
 C - 5 scrolls of blinking
 E - 30 scrolls of teleportation
 I - 2 scrolls of enchant weapon
 M - a scroll of acquirement
 N - a scroll of silence
 Y - 3 scrolls of enchant armour
 Z - 4 scrolls of fear
Potions
 d - 25 potions of curing
 f - a potion of haste
 h - 10 potions of ambrosia
 k - 4 potions of cancellation
 l - 11 potions of mutation
 o - 16 potions of heal wounds
 t - 2 potions of berserk rage
 v - 4 potions of resistance
 H - 6 potions of might
 Q - 2 potions of invisibility
 X - 2 potions of flight
Miscellaneous
 q - a phantom mirror
 u - a phial of floods (inert)
 F - a lightning rod (4/4)
 U - a condenser vane
 W - a box of beasts


   Skills:
 O Level 27 Fighting
 - Level 20.0 Short Blades
 - Level 5.0 Ranged Weapons
 - Level 15.0 Armour
 + Level 22.6 Dodging
 - Level 16.5 Stealth
 - Level 15.0 Shields
 - Level 5.0 Invocations
 - Level 5.0 Evocations


You had 25 spell levels left.
You didn't know any spells.
Your spell library contained the following spells:

 Spells                   Type           Power      Damage    Failure   Level
 Beastly Appendage        Tmut           0%         N/A       47%         1
 Freeze                   Ice            0%         1d3       47%         1
 Magic Dart               Conj           0%         1d3       47%         1
 Necrotise                Necr           0%         1d4       47%         1
 Shock                    Conj/Air       0%         1d3       47%         1
 Sting                    Tmut/Pois      0%         1d3       47%         1
 Call Imp                 Summ           0%         N/A       63%         2
 Ensorcelled Hibernation  Hex/Ice        0%         N/A       63%         2
 Lesser Beckoning         Tloc           0%         N/A       63%         2
 Passwall                 Tmut/Erth      0%         N/A       63%         2
 Poisonous Vapours        Pois/Air       0%         N/A       63%         2
 Static Discharge         Conj/Air       0%         2-2/arc   63%         2
 Sublimation of Blood     Necr           0%         N/A       63%         2
 Wereblood                Tmut           0%         N/A       63%         2
 Call Canine Familiar     Summ           0%         N/A       85%         3
 Dazzling Flash           Conj/Hex       0%         N/A       85%         3
 Frozen Ramparts          Ice            0%         1d1       85%         3
 Gell's Gravitas          Tloc           0%         N/A       85%         3
 Hailstorm                Conj/Ice       0%         3d3       85%         3
 Ignite Poison            Fire/Tmut/Pois 0%         N/A       85%         3
 Mephitic Cloud           Conj/Pois/Air  0%         N/A       85%         3
 Ozocubu's Armour         Ice            0%         N/A       85%         3
 Portal Projectile        Hex/Tloc       0%         N/A       85%         3
 Spider Form              Tmut/Pois      0%         N/A       85%         3
 Stone Arrow              Conj/Erth      0%         3d7       85%         3
 Summon Guardian Golem    Hex/Summ       0%         N/A       85%         3
 Swiftness                Air            0%         N/A       85%         3
 Teleport Other           Tloc           0%         N/A       85%         3
 Tukima's Dance           Hex            0%         N/A       85%         3
 Vampiric Draining        Necr           0%         2d6       85%         3
 Vhi's Electric Charge    Tloc/Air       0%         N/A       85%         3
 Airstrike                Air            0%         2d(0-16)  99%         4
 Anguish                  Hex/Necr       0%         N/A       99%         4
 Animate Armour           Summ/Erth      0%         N/A       99%         4
 Animate Dead             Necr           0%         N/A       99%         4
 Cause Fear               Hex            0%         N/A       99%         4
 Ice Form                 Ice/Tmut       0%         N/A       99%         4
 Leda's Liquefaction      Hex/Erth       0%         N/A       99%         4
 Manifold Assault         Tloc           0%         N/A       99%         4
 Passage of Golubria      Tloc           0%         N/A       99%         4
 Petrify                  Tmut/Erth      0%         N/A       99%         4
 Sticky Flame             Conj/Fire      0%         2d3       99%         4
 Summon Lightning Spire   Summ/Air       0%         N/A       99%         4
 Agony                    Necr           0%         N/A       100%        5
 Arcjolt                  Conj/Air       0%         1d10      100%        5
 Blade Hands              Tmut           0%         N/A       100%        5
 Borgnjor's Vile Clutch   Necr/Erth      0%         N/A       100%        5
 Freezing Cloud           Conj/Ice/Air   0%         6-21      100%        5
 Irradiate                Conj/Tmut      0%         3d11      100%        5
 Iskenderun's Battlesphe  Conj           0%         2d6       100%        5
 Metabolic Englaciation   Hex/Ice        0%         N/A       100%        5
 Silence                  Hex/Air        0%         N/A       100%        5
 Summon Forest            Summ/Tloc      0%         N/A       100%        5
 Summon Mana Viper        Hex/Summ       0%         N/A       100%        5
 Yara's Violent Unravell  Hex/Tmut       0%         3d3       100%        5
 Death Channel            Necr           0%         N/A       100%        6
 Dispersal                Tloc           0%         N/A       100%        6
 Iron Shot                Conj/Erth      0%         9d1       100%        6
 Plasma Beam              Fire/Air       0%         2x1d11    100%        6
 Simulacrum               Ice/Necr       0%         N/A       100%        6
 Statue Form              Tmut/Erth      0%         N/A       100%        6
 Summon Cactus Giant      Summ           0%         N/A       100%        6
 Dragon Form              Tmut           0%         N/A       100%        7
 Orb of Destruction       Conj           0%         9d5       100%        7
 Ozocubu's Refrigeration  Ice            0%         4d7       100%        7
 Spellforged Servitor     Conj/Summ      0%         N/A       100%        7
 Storm Form               Tmut/Air       0%         N/A       100%        7
 Disjunction              Tloc           0%         N/A       100%        8
 Ignition                 Fire           0%         3d3       100%        8
 Lehudib's Crystal Spear  Conj/Erth      0%         10d2      100%        8
 Maxwell's Capacitive Co  Air            0%         ∞         100%        8
 Dragon's Call            Summ           0%         N/A       100%        9
 Polar Vortex             Ice            0%         N/A       100%        9


Dungeon Overview and Level Annotations

Branches:
Dungeon (15/15)            Temple (0/1) D:7            Lair (5/5) D:10
  Swamp (4/4) Lair:2       Spider (4/4) Lair:3        Slime (0/5) Lair:4
    Orc (2/2) D:9             Elf (3/3) Orc:2        Vaults (5/5) D:14
  Crypt (3/3) Vaults:3       Tomb (0/3) Crypt:3      Depths (4/4) D:15
    Zot (5/5) Depths:4     Bailey (visited)         Gauntlet (visited)

Altars:
Cheibriados
Dithmenos
Fedhas
Hepliaklqana
Kikubaaqudgha
Okawaru
Qazlal
Ru
Trog
Vehumet
Xom
Yredelemnul
Jiyva

Shops:
D:5 ?   D:11 *   Orc:2 (*:[   Elf:3 ?   Vaults:5 ?!=!(   Depths:3 :=:
Depths:4 (*

Portals:
Hell: Depths:1 Depths:2 Depths:3 Depths:4
Abyss: Depths:1 Depths:2 Depths:3
Pandemonium: Depths:2 Depths:3
Ziggurat: Depths:4
Trove: Elf:1 (show slimy rune of Zot)

Annotations:
Depths:1 3 runed translucent doors, Dyni Soq's ghost, adept TrMo
Zot:5 36 runed doors, exclusion: 36 doors


Innate Abilities, Weirdness & Mutations

A powerful demonic guardian rushes to your aid.
Your demonic aura causes all spilled blood to erupt in flames.
When seriously injured, your blood forms very thick armour. (AC +0)
Your presence sometimes corrodes or deforms those you injure.
You have a sharp stinger which inflicts weakening toxins.
You have a pair of small horns on your head.
You possess an exceptional clarity of mind.
You are frail. (-10% HP)
You are somewhat resistant to further mutation.
You passively map a small area around you.
Your muscles are strong. (Str +4, Int/Dex -1)
You occasionally lose the ability to drink potions when taking damage.
You occasionally lose the ability to read scrolls when taking damage.


Message History

The Executioner seems to speed up.
You puncture the Executioner!
The Executioner twists and deforms.
You headbutt the Executioner!
The Executioner is almost dead.
Your shadow hits the Executioner with a rapier.
You block the Executioner's attack. x2; The Executioner completely misses you.
You block the Executioner's attack. x2; The Executioner completely misses you.
Unknown command.
You closely miss the Executioner. Your headbutt misses the Executioner.
You tail-slap the Executioner.
The Executioner looks weaker.
The Executioner is almost dead.
You block the Executioner's attack. x2; The Executioner misses you.
You impale the Orb Guardian!!
The Orb Guardian twists and deforms. x2
You headbutt the Orb Guardian.
The Orb Guardian is severely wounded.
Your shadow hits the Orb Guardian but does no damage.
Unknown command.
You impale the Orb Guardian!!
Your corrupting presence corrodes the Orb Guardian!
You tail-slap the Orb Guardian.
The Orb Guardian is almost dead.
You block the Orb Guardian's attack.
You puncture the Orb Guardian!
You kill the Orb Guardian!
Dithmenos accepts your kill.
You barely miss the Executioner.
The Executioner is almost dead.
The Executioner hits you but does no damage.
You block the Executioner's attack. x2
You hit the Executioner. You headbutt the Executioner.
You kill the Executioner!
Dithmenos accepts your kill.
The large abomination completely misses you.
You puncture the large abomination! You tail-slap the large abomination.
The large abomination is moderately damaged.
You block the large abomination's attack.
There is a staircase leading out of the dungeon here.
HP restored.
You block the large abomination's attack.
You have escaped!

#.###..# #..#######.. #.##..##
#..# #.....
#.##.####################.#...
####.##......................##..
...#.##.######......######...##..
##.#.##......................##..
#.#.##.##..##......##..##...##..
#....#.[....................##..
##....##########@X############...
#.....# #.### #.#.# ##... #....##
##..# #.#.# #.... #(....###.#.#
#.#.# #.... ###....#.##.# #.#.#
#.#.# #.#...###.# #.#.# #.#.#
#...### #.# #.#.# #.#.# ##### #.#
#...# #####.#.#
#.###..########.......#


You could see a large abomination.

Vanquished Creatures
  2 dread liches (Zot:5)
  5 orbs of fire
  3 ancient liches
  Mara (Spider:3)
  2 juggernauts
  Josephina (Zot:2)
  Sojobo (Vaults:2)
  5 Killer Klowns
  Xtahua (Crypt:1)
  Bai Suzhen (Vaults:3)
  The ghost of Gucom the Gnoll Aeon, a veteran GnFi of Cheibriados (Depths:3)
  Margery (Crypt:1)
  Saint Roka (Depths:4)
  The ghost of mantisjm the Hoplite, a veteran HOFi of Qazlal (Vaults:2)
  5 curse toes
  Nikola (Swamp:1)
  6 golden dragons
  Arachne (Spider:2)
  7 electric golems
  Jorgrun (Orc:2)
  The ghost of Xutext the Spry, an adept DsAK of Lugonu (Depths:4)
  2 walking crystal tomes (Depths:2)
  19 tentacled monstrosities
  9 liches
  Asterion (Spider:4)
  A deep elf master archer (Elf:3)
  2 walking earthen tomes (Depths:2)
  26 Orb Guardians
  A shard shrike skeleton (Crypt:3)
  2 walking frostbound tomes (Depths:2)
  3 titans (Vaults:5)
  A deep elf blademaster (Elf:3)
  7 ancient champions
  2 sphinxes
  3 quicksilver dragons
  9 death cobs
  An Executioner (D:1)
  A thorn hunter (Swamp:3)
  Agnes (Orc:2)
  20 storm dragons
  13 tengu reavers
  Donald (Swamp:3)
  9 shadow dragons
  4 draconian knights
  4 draconian monks
  Roxanne (Swamp:4)
  9 frost giants
  4 revenants
  5 deep elf sorcerers
  3 emperor scorpions
  16 fire giants
  7 ghost moths
  An iron dragon (Depths:2)
  15 vault wardens
  Louise (Depths:3)
  5 curse skulls
  A spectral caustic shrike (Depths:3)
  4 spriggan defenders
  4 draconian scorchers
  2 orc warlords
  20 ironbound preservers
  6 draconian stormcallers
  5 draconian annihilators
  8 draconian shifters
  8 ghouls
  A reaper (Crypt:2)
  6 war gargoyles
  A quicksilver ooze (Gauntlet)
  4 deep elf elementalists (Elf:3)
  19 very ugly things
  6 ironbound thunderhulks
  The ghost of tizbic2 the Fighter, a journeyman OgSu of Hepliaklqana (Orc:2)
  5 deep elf demonologists (Elf:3)
  17 stone giants
  13 vampire knights
  A broodmother (Spider:4)
  9 green draconians
  The ghost of Seuseh the Fighter, a journeyman DjCj of Qazlal (D:12)
  10 deep elf annihilators
  A bunyip (shapeshifter) (Vaults:5)
  15 black draconians
  15 white draconians
  5 spark wasps
  9 purple draconians
  3 bunyips
  2 eleionomae
  A minotaur (Gauntlet)
  10 red draconians
  8 yellow draconians
  A green death (Crypt:2)
  8 dire elephants
  3 crystal guardians
  A spectral titan (Depths:3)
  8 eidola
  12 jiangshi
  An acid blob zombie (Crypt:2)
  5 deep elf death magi
  10 fire dragons
  18 ettins
  10 entropy weavers
  A deep elf high priest (Elf:3)
  A shambling mangrove (Swamp:2)
  3 great orbs of eyes
  12 yaktaur captains
  Harold (Orc:1)
  A fenstrider witch zombie (Crypt:3)
  7 ice dragons
  21 vault guards
  3 rakshasas
  19 hydras
  2 peacekeepers
  A juggernaut simulacrum (Crypt:1)
  5 spriggan air magi
  4 catoblepae
  3 ogre magi
  A jorogumo (Spider:2)
  3 death knights
  A ghost crab (Swamp:1)
  12 alligators
  An Orb Guardian zombie (Crypt:2)
  9 ironbound frosthearts
  2 radroaches
  8 centaur warriors
  An anaconda (shapeshifter) (Vaults:4)
  8 vampire magi
  7 boulder beetles
  An Orb Guardian skeleton (Crypt:1)
  37 dancing weapons
  Erica (D:8)
  14 death yaks
  4 two-headed ogres
  6 deep troll earth magi
  A hell hog (Depths:1)
  2 deep troll shamans
  2 death scarabs (Gauntlet)
  3 tengu warriors
  5 orc high priests
  Sonja (D:11)
  12 spriggan berserkers
  Nergalle (D:12)
  A spectral storm dragon (Depths:3)
  4 sun demons
  4 iron trolls
  6 soul eaters
  A skyshark (Lair:5)
  2 shadow wraiths
  An emperor scorpion zombie (Crypt:3)
  20 deep elf knights
  19 hell knights
  22 spriggans
  An anaconda zombie (Crypt:1)
  4 pharaoh ants
  An iron giant zombie (Crypt:2)
  4 goliath frogs
  A sun moth (Spider:3)
  A bunyip zombie (Crypt:1)
  A sea snake (shapeshifter) (Elf:2)
  6 flayed ghosts
  5 orb spiders
  12 swamp dragons
  A glowing orange brain (shapeshifter) (Depths:2)
  2 spriggan simulacra
  A spectral hydra (Gauntlet)
  20 skeletal warriors
  33 deep trolls
  16 deep elf archers
  7 wizards
  5 steelbarb worms
  8 glowing orange brains
  45 deep elf pyromancers
  4 bog bodies
  13 ironbound convokers
  A lindwurm (Vaults:2)
  9 orc knights
  6 necromancers
  An orange crystal statue (Elf:2)
  7 spriggan druids
  Pikel (D:5)
  An anaconda skeleton (Crypt:3)
  30 deep elf zephyrmancers
  20 phantasmal warriors
  40 ugly things
  3 will-o-the-wisps
  A harpy (shapeshifter) (Vaults:5)
  A human zombie (Vaults:2)
  2 oklob plants (Lair:3)
  19 wolf spiders
  4 black mambas
  4 orc sorcerers
  4 manticores
  A rust devil (Depths:2)
  28 moths of wrath
  9 cyclopes
  An iron dragon skeleton (Crypt:2)
  An eye of devastation (shapeshifter) (Depths:2)
  13 elephants
  2 frost giant skeletons
  A guardian serpent (Lair:5)
  A stone giant skeleton (Crypt:1)
  Maurice (Orc:2)
  A storm dragon simulacrum (Zot:2)
  16 vault sentinels
  9 demonic crawlers
  A torpor snail (shapeshifter) (Vaults:5)
  2 smoke demons (Depths:1)
  4 titan simulacra
  A hellion (Depths:1)
  A pale draconian zombie (Crypt:3)
  An unseen horror (shapeshifter) (D:13)
  11 unseen horrors
  A purple draconian zombie (Crypt:3)
  16 cane toads
  5 kobold demonologists
  5 torpor snails
  A guardian serpent (shapeshifter) (Vaults:5)
  5 rime drakes
  An efreet (D:11)
  6 komodo dragons
  A catoblepas zombie (Crypt:2)
  2 golden dragon simulacra
  6 freezing wraiths
  An ice devil (Depths:2)
  An unseen horror skeleton (Crypt:2)
  25 yaktaurs
  6 tengu conjurers
  2 spectral glowing shapeshifters (Depths:3)
  A tormentor (Depths:2)
  A harpy zombie (Crypt:1)
  A red draconian skeleton (Crypt:1)
  2 bloated husks (Swamp:3)
  7 trolls
  3 meliai (D:15)
  A polar bear (Lair:3)
  8 tyrant leeches
  19 hornets
  A queen bee (shapeshifter) (D:13)
  15 blink frogs
  29 tarantellas
  A wind drake (shapeshifter) (Elf:3)
  A shadow dragon simulacrum (Zot:2)
  5 dream sheep (Lair:5)
  2 tarantella zombies
  2 iron dragon simulacra (Depths:3)
  An alligator zombie (Crypt:3)
  A human simulacrum (Vaults:2)
  A jumping spider (shapeshifter) (D:13)
  25 culicivoras
  A slime creature (shapeshifter) (Elf:1)
  4 air elementals
  15 slime creatures
  5 flying skulls
  19 jumping spiders
  5 water elementals
  45 yaks
  A fire elemental (Elf:2)
  A black mamba skeleton (Crypt:1)
  A basilisk (shapeshifter) (Elf:2)
  8 wraiths
  A human (shapeshifter) (Orc:2)
  15 wyverns
  Grum (D:8)
  2 basilisks
  A chaos spawn (Crypt:2)
  A golden eye (shapeshifter) (Vaults:5)
  5 vampire mosquitoes
  2 steam dragons
  73 redbacks
  4 acid dragons
  A spectral cane toad (Gauntlet)
  9 wargs
  12 swamp worms
  A hydra simulacrum (Crypt:1)
  A faun zombie (Crypt:3)
  A large abomination (Crypt:2)
  24 water moccasins
  A two-headed ogre skeleton (Crypt:1)
  A floating eye (Depths:2)
  9 swamp drakes
  A glowing shapeshifter skeleton (Vaults:2)
  3 ice beasts
  Duvessa (D:6)
  31 orc warriors
  5 sky beasts
  2 black bears
  2 naga skeletons (Crypt:3)
  An ettin simulacrum (Crypt:3)
  6 ogres
  A boggart (shapeshifter) (Crypt:2)
  27 wolves
  11 centaurs
  4 lemures (D:5)
  4 phantoms
  3 kobold brigands
  13 bullfrogs
  A gnoll sergeant (D:5)
  3 necrophages (Crypt:2)
  2 scorpions
  4 earth elementals
  A small abomination (Crypt:2)
  11 wights
  A hornet simulacrum (D:15)
  Dowan (D:6)
  A spriggan zombie (Crypt:1)
  2 cyclops skeletons
  7 killer bees (D:10)
  A yak skeleton (Crypt:1)
  2 electric eels
  14 jellies
  13 orc priests
  Crazy Yiuf (D:2)
  3 gnoll boudas
  4 hounds
  A boggart zombie (Crypt:3)
  An iguana (D:6)
  3 hell rats
  27 orc wizards
  An acid dragon skeleton (Crypt:1)
  17 gnolls
  2 river rats (D:10)
  3 adders
  2 shadow imps
  2 white imps (D:5)
  2 ufetubi
  A jelly zombie (Crypt:1)
  A worm zombie (Crypt:1)
  2 worms
  2 dart slugs (D:3)
  89 orcs
  6 endoplasms
  3 giant cockroaches
  14 goblins
  6 hobgoblins
  A jackal (shapeshifter) (Depths:4)
  33 kobolds
  7 quokkas
  5 ball pythons
  3 bats
  11 frilled lizards
  2 rats (D:10)
  A spectral goblin (D:5)
2228 creatures vanquished.

Vanquished Creatures (collateral kills)
  Jory (Crypt:2)
  A tentacled monstrosity (Zot:3)
  A titan (Vaults:5)
  A death cob (Zot:3)
  A storm dragon (Zot:3)
  A frost giant (Depths:2)
  A vault warden (Vaults:4)
  A white draconian (Zot:3)
  A yellow draconian (Zot:3)
  2 deep elf death magi
  5 vault guards
  A deep elf high priest (Vaults:5)
  A fire dragon (Depths:4)
  An ironbound frostheart (Vaults:3)
  2 alligators (Swamp:3)
  3 death yaks (Lair:5)
  2 dancing weapons (Elf:2)
  A deep elf knight (Elf:2)
  A spriggan berserker (Depths:4)
  A pharaoh ant (Spider:3)
  A skeletal warrior (Crypt:2)
  2 deep trolls (Vaults:5)
  A spectral death yak (Gauntlet)
  An ironbound convoker (Vaults:5)
  An elephant (Lair:5)
  A gargoyle (D:13)
  2 yaktaurs (Vaults:5)
  A tyrant leech (Swamp:1)
  2 blink frogs (Lair:5)
  2 jumping spiders (Spider:4)
  A wraith (D:11)
  2 wyverns (Lair:5)
  3 yaks (Lair:4)
  2 swamp worms
  A water moccasin (Lair:5)
  2 orc warriors
  2 wolves (Lair:5)
  2 centaurs (D:12)
  A necrophage (Crypt:1)
  2 jellies (Lair:4)
  An orc priest (Depths:4)
  An orc wizard (Orc:2)
  An orc (D:14)
64 creatures vanquished.

Vanquished Creatures (others)
  A death cob (Zot:2)
  A reaper (Crypt:2)
  A deep elf annihilator (Elf:3)
  A spriggan druid (Swamp:1)
  2 bloated husks (Swamp:3)
  A black draconian simulacrum (Zot:2)
  A moth of wrath simulacrum (Zot:2)
  An orc wizard (Depths:4)
  An orc (Depths:4)
  2 foxfires (Swamp:3)
12 creatures vanquished.

Grand Total: 2304 creatures vanquished

Notes
Turn   | Place    | Note
-------+----------+-------------------------------------------
     0 | D:1      | LordWeiramon the Demonspawn Hunter began the quest for the
                  | Orb.
     0 | D:1      | Reached XP level 1. HP: 16/16 MP: 1/1
   173 | D:1      | Found a faded altar of an unknown god.
   204 | D:1      | Gained mutation: When seriously injured, your blood forms
                  | armour. (AC +0) [demonic ancestry]
   204 | D:1      | Reached XP level 2. HP: 22/22 MP: 2/2
   933 | D:2      | Reached XP level 3. HP: 8/27 MP: 3/3
  1359 | D:2      | Reached skill level 5 in Ranged Weapons
  1471 | D:2      | Found a runed translucent door.
  1472 | D:2      | Noticed Crazy Yiuf
  1706 | D:3      | Reached XP level 4. HP: 32/33 MP: 4/4
  1711 | D:3      | Reached skill level 1 in Short Blades
  1723 | D:3      | Found a snail-covered altar of Cheibriados.
  2362 | D:3      | Found a shadowy altar of Dithmenos.
  2371 | D:3      | Became a worshipper of Dithmenos the Shadowed
  2545 | D:3      | Reached skill level 1 in Stealth
  2545 | D:3      | Gained mutation: Your demonic aura sometimes causes spilled
                  | blood to erupt in flames. [demonic ancestry]
  2545 | D:3      | Reached XP level 5. HP: 37/38 MP: 5/5
  2843 | D:4      | Noticed a phantom
  3108 | D:4      | Killed a phantom
  3109 | D:4      | Reached XP level 6. HP: 39/44 MP: 6/6
  3460 | D:5      | Entered Level 5 of the Dungeon
  3775 | D:5      | Found a stormy altar of Qazlal.
  3815 | D:5      | Found Xaawn's Magic Scroll Boutique.
  3819 | D:5      | Bought a scroll of blinking for 105 gold pieces
  3819 | D:5      | Bought a scroll of poison for 56 gold pieces
  3819 | D:5      | Bought a scroll of fog for 56 gold pieces
  3853 | D:5      | Bought a scroll of identify for 28 gold pieces
  3936 | D:5      | Noticed a water moccasin
  3987 | D:6      | Reached * piety under Dithmenos
  4047 | D:6      | Noticed a sky beast
  4101 | D:6      | Noticed Duvessa
  4195 | D:5      | Noticed Pikel
  4449 | D:5      | Killed a water moccasin
  4465 | D:5      | Reached skill level 5 in Short Blades
  4677 | D:5      | Reached XP level 7. HP: 36/50 MP: 7/7
  4889 | D:6      | Reached skill level 1 in Evocations
  5221 | D:6      | Found a bloodstained altar of Trog.
  5240 | D:6      | Found a sacrificial altar of Ru.
  5329 | D:6      | Reached XP level 8. HP: 56/56 MP: 8/8
  5403 | D:6      | Reached skill level 5 in Dodging
  5724 | D:7      | Reached skill level 5 in Stealth
  5778 | D:7      | Reached skill level 3 in Fighting
  6086 | D:7      | Reached ** piety under Dithmenos
  6662 | D:7      | Gained mutation: You have a small tail. [demonic ancestry]
  6662 | D:7      | Reached XP level 9. HP: 63/63 MP: 9/9
  7058 | D:7      | Found a basalt altar of Yredelemnul.
  7059 | D:7      | Found an iron altar of Okawaru.
  7110 | D:7      | Found a staircase to the Ecumenical Temple.
  7634 | D:5      | Found a hazy altar of Hepliaklqana.
  7912 | D:5      | Killed Pikel
  7913 | D:5      | Reached skill level 5 in Evocations
  8016 | D:6      | Noticed Dowan
  8019 | D:6      | Killed Duvessa
  8020 | D:6      | Reached skill level 1 in Shields
  8021 | D:6      | Killed Dowan
  8269 | D:8      | Noticed Erica
  8286 | D:8      | Killed Erica
  8388 | D:8      | Reached skill level 5 in Shields
  8388 | D:8      | Gained mutation: A weak demonic guardian rushes to your
                  | aid. [demonic ancestry]
  8388 | D:8      | Reached XP level 10. HP: 69/70 MP: 10/10
  8568 | D:8      | Reached *** piety under Dithmenos
  8582 | D:8      | Found a flagged portal.
  8591 | D:8      | Reached skill level 4 in Fighting
  8596 | Bailey   | Entered a bailey
  8747 | Bailey   | Found a large runed translucent door.
  8747 | Bailey   | Found a large runed translucent door.
  8748 | Bailey   | Noticed a deep elf pyromancer
  8753 | Bailey   | Noticed an orc knight
  8809 | Bailey   | Killed an orc knight
  8810 | Bailey   | Reached skill level 5 in Fighting
  8934 | Bailey   | Found the sphere of Battle
  9002 | Bailey   | Killed a deep elf pyromancer
  9230 | D:8      | Noticed Grum
  9245 | D:8      | Killed Grum
  9674 | D:9      | Found a staircase to the Orcish Mines.
  9717 | D:9      | Found a transporter.
  9793 | D:9      | Reached skill level 10 in Short Blades
  9866 | D:9      | Reached skill level 1 in Armour
 10077 | D:9      | Reached **** piety under Dithmenos
 10600 | D:9      | Found a shimmering altar of Xom.
 10658 | D:9      | Gained mutation: A demonic guardian rushes to your aid.
                  | [demonic ancestry]
 10658 | D:9      | Reached XP level 11. HP: 76/79 MP: 11/11
 10703 | D:9      | Reached skill level 5 in Armour
 10885 | D:10     | Entered Level 10 of the Dungeon
 11477 | D:10     | Noticed a death yak
 11824 | D:10     | Noticed a death yak
 12336 | D:10     | Noticed a death yak
 12345 | D:10     | Killed a death yak
 12361 | D:10     | Killed a death yak
 12363 | D:10     | Killed a death yak
 12419 | D:10     | Found a staircase to the Lair.
 12531 | D:10     | Reached ***** piety under Dithmenos
 12626 | D:11     | Noticed Sonja
 12823 | D:11     | Found Pufeavvu's Gadget Gallery.
 12828 | D:11     | Bought a wand of paralysis (2) for 57 gold pieces
 12828 | D:11     | Bought a wand of mindburst (4) for 67 gold pieces
 12924 | D:11     | Noticed a death knight
 12944 | D:11     | Noticed a two-headed ogre
 13051 | D:11     | Got Sif Muna's Elucidation of the Map
 13144 | D:10     | Reached skill level 10 in Stealth
 13363 | D:11     | Noticed a phantasmal warrior
 13474 | D:11     | Killed Sonja
 13541 | Lair:1   | Entered Level 1 of the Lair of Beasts
 13691 | Lair:1   | Gained mutation: Your demonic aura often causes spilled
                  | blood to erupt in flames. [demonic ancestry]
 13691 | Lair:1   | Reached XP level 12. HP: 86/86 MP: 12/12
 13715 | Lair:1   | Found an ancient bone altar of Kikubaaqudgha.
 13806 | D:11     | Killed a two-headed ogre
 13823 | D:11     | Killed a death knight
 13888 | D:11     | Bought a lightning rod (4/4) for 360 gold pieces
 14397 | Lair:1   | Reached skill level 10 in Shields
 14635 | Lair:2   | Found a staircase to the Swamp.
 15860 | Lair:3   | Gained mutation: You have a tail ending in a sharp stinger.
                  | [demonic ancestry]
 15860 | Lair:3   | Reached XP level 13. HP: 91/91 MP: 13/13
 15892 | Lair:3   | Found a hole to the Spider Nest.
 16940 | Lair:4   | Found a viscous altar of Jiyva.
 16941 | Lair:4   | Found a staircase to the Slime Pits.
 17119 | Lair:4   | Reached skill level 10 in Dodging
 17272 | Lair:4   | Reached skill level 6 in Fighting
 17302 | Lair:4   | Reached ****** piety under Dithmenos
 17686 | Lair:5   | Entered Level 5 of the Lair of Beasts
 17717 | Lair:5   | Reached skill level 7 in Fighting
 17832 | Lair:5   | Reached skill level 8 in Fighting
 17945 | Lair:5   | Reached skill level 9 in Fighting
 18094 | Lair:5   | Got the Parchment of Weathered Graupel
 18351 | Lair:5   | Reached skill level 10 in Fighting
 18452 | Lair:5   | Identified the +1 chain mail of Discretion {-Tele +Inv rN+
                  | Will+}
 18525 | Lair:5   | Reached XP level 14. HP: 99/110 MP: 14/14
 19508 | Lair:5   | Reached skill level 10 in Armour
 20077 | D:2      | Killed Crazy Yiuf
 20370 | D:11     | Found the macabre finger necklace {Finger+ rN+}
 20412 | D:11     | Identified the staff of earth "Yneown" {rC+}
 20448 | D:11     | Identified the +0 chain mail of the Devil {rN+ Str+3 Int+2}
 20490 | D:12     | Reached skill level 1 in Invocations
 20626 | D:12     | Reached skill level 5 in Invocations
 20747 | D:12     | Found a runed translucent gate.
 20748 | D:12     | Found a runed translucent gate.
 20749 | D:12     | Found a runed translucent gate.
 20785 | D:12     | Noticed Seuseh's ghost (journeyman DjCj)
 21257 | D:12     | Noticed Nergalle
 21262 | D:12     | Killed Nergalle
 21759 | D:13     | Reached XP level 15. HP: 115/115 MP: 18/18
 21793 | D:13     | Found a gate leading to a gauntlet.
 21854 | D:13     | Identified the +1 pair of gloves of Hoci Retie {-Tele rElec
                  | rPois rF+++}
 21867 | Gauntlet | Entered a Gauntlet
 21867 | Gauntlet | Found a transporter.
 21869 | Gauntlet | Found a runed translucent door.
 21870 | Gauntlet | Found a transporter.
 21871 | Gauntlet | Found a transporter.
 21871 | Gauntlet | Found a runed translucent door.
 21887 | Gauntlet | Found a transporter.
 21900 | Gauntlet | Found a transporter.
 21920 | Gauntlet | Found a transporter.
 21924 | Gauntlet | Found a transporter.
 21927 | Gauntlet | Found a transporter.
 21962 | Gauntlet | Found a transporter.
 21962 | Gauntlet | Found a transporter.
 21970 | Gauntlet | Found a transporter.
 21989 | Gauntlet | Found a transporter.
 22079 | Gauntlet | Identified the +2 helmet of the Forgotten Bounties {rC+
                  | Will+}
 22206 | Gauntlet | Identified the ring of Xom's Entertainment {rPois rF+ rN+
                  | SInv Stlth+}
 23041 | D:14     | Found a radiant altar of Vehumet.
 23340 | D:14     | Found a gate to the Vaults.
 23596 | D:15     | Entered Level 15 of the Dungeon
 23625 | D:15     | Found a blossoming altar of Fedhas.
 24380 | D:15     | Found a staircase to the Depths.
 24779 | Orc:1    | Entered Level 1 of the Orcish Mines
 24803 | Orc:1    | Noticed Harold
 24813 | Orc:1    | Killed Harold
 25103 | Orc:2    | Entered Level 2 of the Orcish Mines
 25165 | Orc:2    | Found a staircase to the Elven Halls.
 25180 | Orc:2    | Noticed Maurice
 25324 | Orc:2    | Noticed Jorgrun
 25336 | Orc:2    | Killed Jorgrun
 25359 | Orc:2    | Found Kaoho's Book Boutique.
 25384 | Orc:2    | Killed Maurice
 25500 | Orc:2    | Found a bloodstained altar of Trog.
 25532 | Orc:2    | Found Ylurch's Antique Armour Shoppe.
 25830 | Orc:2    | Found Iphustua's General Store.
 25919 | Orc:2    | Bought a scroll of identify for 24 gold pieces
 25919 | Orc:2    | Bought a wand of iceblast (3) for 86 gold pieces
 25919 | Orc:2    | Bought a wand of iceblast (2) for 57 gold pieces
 25919 | Orc:2    | Bought a scroll of fog for 48 gold pieces
 25919 | Orc:2    | Bought 2 potions of heal wounds for 120 gold pieces
 25919 | Orc:2    | Identified a scroll of acquirement
 25985 | Orc:2    | Found Haotuy's Antique Weapon Boutique.
 26155 | Orc:2    | Found a runed translucent door.
 26163 | Orc:2    | Noticed tizbic2's ghost (journeyman OgSu)
 26184 | Orc:2    | Killed tizbic2's ghost
 26438 | D:11     | Acquired a manual of Stealth
 26476 | D:11     | Bought a wand of iceblast (6) for 172 gold pieces
 26476 | D:11     | Bought a phantom mirror for 480 gold pieces
 26476 | D:11     | Bought a phial of floods for 480 gold pieces
 26611 | D:12     | Gained mutation: When seriously injured, your blood forms
                  | thick armour. (AC +0) [demonic ancestry]
 26611 | D:12     | Reached XP level 16. HP: 116/122 MP: 19/19
 26657 | D:12     | Killed Seuseh's ghost
 26787 | Spider:1 | Entered Level 1 of the Spider Nest
 27619 | Spider:1 | Identified the +3 sling "Jigea" {antimagic, Str+2}
 27701 | Spider:2 | Identified the +0 cloak of Oniel {Drain Dex+2 SInv}
 28516 | Spider:2 | Reached skill level 15 in Stealth
 28878 | Spider:2 | Identified the +1 flail "Hygeah" {holy, Str+5}
 29360 | Spider:3 | Noticed Mara
 29546 | Spider:3 | Noticed Arachne
 30008 | Spider:3 | Noticed LordWeiramon's illusion
 30025 | Spider:2 | Killed Arachne
 30359 | Spider:3 | Noticed LordWeiramon's illusion
 30368 | Spider:3 | Killed Mara
 31128 | Spider:4 | Entered Level 4 of the Spider Nest
 31204 | Spider:3 | Gained mutation: You have a sharp stinger which inflicts
                  | weakening toxins. [demonic ancestry]
 31204 | Spider:3 | Reached XP level 17. HP: 118/128 MP: 20/20
 31918 | Spider:4 | Noticed Asterion
 31920 | Spider:4 | Killed Asterion
 32617 | Spider:4 | Reached skill level 15 in Shields
 32990 | Spider:4 | Got a gossamer rune of Zot
 32993 | Spider:4 | Identified the +1 pair of boots of the Engineer {SInv}
 33217 | Swamp:1  | Entered Level 1 of the Swamp
 33502 | Swamp:1  | Noticed Nikola
 33510 | Swamp:1  | Reached skill level 11 in Fighting
 33520 | Swamp:1  | Killed Nikola
 33989 | D:5      | Bought a scroll of brand weapon for 133 gold pieces
 34561 | Swamp:2  | Noticed a tentacled monstrosity
 34562 | Swamp:2  | Killed a tentacled monstrosity
 34588 | Swamp:2  | Reached skill level 12 in Fighting
 35620 | Swamp:2  | Reached skill level 13 in Fighting
 36308 | Swamp:3  | Reached skill level 14 in Fighting
 36443 | Swamp:3  | Noticed Donald
 36448 | Swamp:3  | Killed Donald
 36550 | Swamp:3  | Gained mutation: When seriously injured, your blood forms
                  | very thick armour. (AC +0) [demonic ancestry]
 36550 | Swamp:3  | Reached XP level 18. HP: 125/146 MP: 21/21
 36899 | Swamp:4  | Entered Level 4 of the Swamp
 37336 | Swamp:3  | Reached skill level 15 in Fighting
 37689 | Swamp:4  | Identified Roxanne's Encyclopedia of Transmigration
 37689 | Swamp:4  | Noticed Roxanne
 37741 | Swamp:4  | Got a decaying rune of Zot
 37954 | Swamp:4  | Killed Roxanne
 38158 | Swamp:4  | Identified the +5 falchion of Mourning {drain, *Corrode
                  | rElec Will+}
 38357 | Vaults:1 | Entered Level 1 of the Vaults
 40096 | Vaults:2 | Identified the +2 dagger of the Usurping Seeker {spect,
                  | rElec Will+ Stlth+}
 40635 | Vaults:2 | Identified the ring "Xynt" {+Blink Fly rPois rF-}
 40743 | Vaults:2 | Found a runed translucent gate.
 40743 | Vaults:2 | Found a runed translucent gate.
 40744 | Vaults:2 | Found a runed translucent gate.
 40744 | Vaults:2 | Noticed mantisjm's ghost (veteran HOFi)
 40748 | Vaults:2 | Found the crystal ball of Wucad Mu {*channel}
 40786 | Vaults:2 | Reached XP level 19. HP: 69/155 MP: 22/22
 40797 | Vaults:2 | Killed mantisjm's ghost
 41100 | Vaults:2 | Noticed Sojobo
 41102 | Vaults:2 | Killed Sojobo
 41574 | Vaults:2 | Reached skill level 15 in Dodging
 42515 | Vaults:3 | Identified the +4 ring mail of Unbearable Leaves {rF+}
 42516 | Vaults:3 | Identified the +0 hat of the Armoured One {Harm Str-2
                  | Int+3}
 42545 | Vaults:3 | Identified the +8 hand axe "Gag Kutz" {venom, rC+}
 42546 | Vaults:3 | Identified the staff of death "Nuowilepn" {rElec rN+ MP+9}
 42811 | Vaults:3 | Found a staircase to the Crypt.
 43117 | Vaults:3 | Noticed Bai Suzhen
 43120 | Vaults:3 | Killed Bai Suzhen
 44039 | Vaults:4 | Identified the +8 plate armour "Sasoed" {rF+++ Str+5 Dex-4}
 44640 | Vaults:4 | Identified the +8 plate armour "Mompayn" {rF++ rN+ Will-
                  | SInv}
 45072 | Elf:1    | Entered Level 1 of the Elven Halls
 45072 | Elf:1    | Noticed Agnes
 45112 | Orc:2    | Killed Agnes
 45129 | Orc:2    | Gained mutation: A powerful demonic guardian rushes to your
                  | aid. [demonic ancestry]
 45129 | Orc:2    | Reached XP level 20. HP: 143/162 MP: 23/23
 45290 | Elf:1    | Found a portal to a secret trove of treasure.
 45564 | Elf:1    | Reached skill level 15 in Armour
 46201 | Elf:2    | Reached skill level 15 in Short Blades
 46396 | Elf:2    | Found a runed translucent gate.
 46396 | Elf:2    | Found a runed translucent gate.
 46397 | Elf:2    | Found a runed translucent gate.
 46702 | Elf:2    | Paralysed by an air elemental for 1 turns
 46711 | Elf:2    | Paralysed by an air elemental for 1 turns
 47389 | Elf:3    | Entered Level 3 of the Elven Halls
 47993 | Elf:3    | Found Yhider's Magic Scroll Boutique.
 47998 | Elf:3    | Bought a scroll of fear for 68 gold pieces
 48282 | Elf:3    | Identified the +5 scale mail of the Dwarven Hall {rF+
                  | Str+2}
 48497 | Elf:3    | Reached XP level 21. HP: 168/168 MP: 24/24
 48961 | Elf:3    | Identified the +3 hand axe "Qepuina" {flame, Str+2}
 48961 | Elf:3    | Identified the +8 falchion of the Nexus {freeze, Str+5
                  | Dex+4}
 48982 | Elf:3    | Identified the +8 rapier of Voracious Tender Mercy
                  | {protect, *Noise rElec rF++ Str+2}
 49419 | Elf:3    | Identified the staff of poison "Bacheifi" {Drain +Blink
                  | rElec rPois rF+++}
 49430 | Elf:3    | Identified the +7 whip of Slashing Peril {heavy, *Slow
                  | rPois Int+3}
 49434 | Elf:3    | Identified the +6 chain mail "Vischag" {rCorr Str+4}
 49935 | Crypt:1  | Entered Level 1 of the Crypt
 49935 | Crypt:1  | Noticed Margery
 49979 | Crypt:1  | Killed Margery
 50173 | Crypt:1  | Noticed Xtahua
 50226 | Crypt:1  | Killed Xtahua
 52637 | Crypt:2  | Identified the +6 scimitar of the Solstice {holy, Dex+2}
 52757 | Crypt:2  | Identified the +3 sling of Karma {antimagic, +Blink rPois
                  | Str-4}
 52851 | Crypt:2  | Found a runed translucent gate.
 52852 | Crypt:2  | Found a runed translucent gate.
 52852 | Crypt:2  | Found a runed translucent gate.
 54003 | Crypt:3  | Entered Level 3 of the Crypt
 54136 | Crypt:3  | Noticed Jory
 54253 | Crypt:2  | Reached skill level 16 in Fighting
 54583 | Crypt:2  | Paralysed by a vampire knight for 2 turns
 54598 | Crypt:2  | Gained mutation: Your presence sometimes corrodes those you
                  | injure. [demonic ancestry]
 54598 | Crypt:2  | Reached XP level 22. HP: 166/178 MP: 25/25
 54827 | Crypt:3  | Identified the ring of Reimbursement {Will- AC+4 Str+2
                  | Dex+4}
 54938 | Crypt:2  | Killed Jory
 55405 | Crypt:3  | Found a staircase to the Tomb.
 55425 | Crypt:3  | Identified the ring of the Middle {rC+++ rN+ Int+2 Dex-5
                  | Stlth+}
 55441 | Crypt:3  | Reached skill level 17 in Fighting
 55537 | Crypt:3  | Noticed a curse toe
 55815 | Crypt:2  | Killed a curse toe
 56512 | Crypt:3  | Found the +10 dark maul {heavy}
 56780 | Crypt:3  | Noticed an ancient lich
 56818 | Crypt:3  | Killed an ancient lich
 56986 | Crypt:3  | Reached skill level 18 in Fighting
 57101 | Crypt:3  | Identified the +7 rapier "Impbane" {freeze, Str+2}
 57104 | Crypt:3  | Identified the +3 hand axe "Duic Uppae" {venom, rPois}
 57105 | Crypt:3  | Identified the ring of Vaatt {*Corrode rF+ rN+ SInv}
 57105 | Crypt:3  | Identified the ring "Iffuiffe" {rPois rN+ Str+2 Dex+2}
 57110 | Crypt:3  | Identified the +2 mace "Ushod" {drain, Int+7}
 57240 | Vaults:5 | Entered Level 5 of the Vaults
 57940 | Vaults:5 | Reached skill level 19 in Fighting
 58186 | Vaults:5 | Noticed a golden dragon
 58674 | Vaults:4 | Reached skill level 20 in Fighting
 59108 | Vaults:4 | Killed a golden dragon
 59199 | Vaults:5 | Reached XP level 23. HP: 163/198 MP: 26/26
 59392 | Vaults:5 | Found Nekha's Distillery.
 59397 | Vaults:5 | Bought a potion of curing for 60 gold pieces
 59397 | Vaults:5 | Bought a potion of heal wounds for 100 gold pieces
 59397 | Vaults:5 | Bought a potion of might for 80 gold pieces
 59397 | Vaults:5 | Bought a potion of invisibility for 160 gold pieces
 59397 | Vaults:5 | Bought a potion of haste for 200 gold pieces
 59397 | Vaults:5 | Bought a potion of haste for 200 gold pieces
 59397 | Vaults:5 | Bought a potion of flight for 60 gold pieces
 59397 | Vaults:5 | Bought a potion of resistance for 200 gold pieces
 59602 | Vaults:5 | Found Migrupit's Magic Scroll Shoppe.
 59606 | Vaults:5 | Bought a scroll of fog for 84 gold pieces
 59606 | Vaults:5 | Bought a scroll of teleportation for 63 gold pieces
 59606 | Vaults:5 | Bought a scroll of blinking for 157 gold pieces
 59606 | Vaults:5 | Bought a scroll of teleportation for 63 gold pieces
 59701 | Vaults:5 | Found Pirommau's Distillery.
 59708 | Vaults:5 | Reached skill level 21 in Fighting
 60048 | Vaults:5 | Bought a potion of invisibility for 144 gold pieces
 60086 | Vaults:5 | Identified the +5 ring mail of Necwofymp {rElec rPois rC-}
 60247 | Vaults:5 | Found Irroth's Weapon Shoppe.
 60643 | Vaults:5 | Found Giblid's Jewellery Shoppe.
 60647 | Vaults:5 | Bought the ring "Aliacs" {Dex+6 Slay+3} for 1112 gold
                  | pieces
 60684 | Vaults:5 | Got a silver rune of Zot
 60944 | Depths:1 | Entered Level 1 of the Depths
 61195 | Elf:3    | Bought a scroll of enchant armour for 127 gold pieces
 61195 | Elf:3    | Bought 2 scrolls of enchant armour for 255 gold pieces
 61516 | Depths:1 | Reached skill level 22 in Fighting
 62238 | Depths:1 | Found a gateway to Hell.
 62576 | Depths:1 | Found a one-way gate to the infinite horrors of the Abyss.
 62747 | Depths:1 | Found a runed translucent gate.
 62747 | Depths:1 | Noticed Dyni Soq's ghost (adept TrMo)
 62748 | Depths:1 | Found a runed translucent gate.
 62748 | Depths:1 | Found a runed translucent gate.
 62753 | Depths:1 | Found a viscous altar of Jiyva.
 63280 | Depths:2 | Reached skill level 23 in Fighting
 63416 | Depths:2 | Found a one-way gate leading to the halls of Pandemonium.
 63828 | Depths:2 | Identified the +5 great mace of the Bear {freeze, Fragile
                  | rN+ Int+4}
 64039 | Depths:2 | Gained mutation: Your presence sometimes corrodes or
                  | deforms those you injure. [demonic ancestry]
 64039 | Depths:2 | Reached XP level 24. HP: 210/216 MP: 26/26
 64116 | Depths:2 | Reached skill level 24 in Fighting
 64810 | Depths:2 | Noticed a juggernaut
 64833 | Depths:2 | Killed a juggernaut
 64871 | Depths:2 | Identified the +9 long sword "Gist" {flame, rElec rC+
                  | Str+3}
 64934 | Depths:2 | Identified the +6 longbow of Jant {freeze, Str+2}
 64937 | Depths:2 | Identified the staff of cold "Zeurefog" {rElec rC+ Str+7}
 65085 | Depths:3 | Noticed Louise
 65104 | Depths:3 | Reached skill level 25 in Fighting
 65222 | Depths:3 | Killed Louise
 65586 | Depths:3 | Found a runed translucent gate.
 65589 | Depths:3 | Found a runed translucent gate.
 65589 | Depths:3 | Found a runed translucent gate.
 65590 | Depths:3 | Noticed an ancient lich
 65594 | Depths:3 | Noticed Gucom's ghost (veteran GnFi)
 65618 | Depths:3 | Found Sigel's Book Shop.
 65618 | Depths:3 | Found Tatwoex's Jewellery Emporium.
 65619 | Depths:3 | Found Puuk's Book Shop.
 66099 | Depths:3 | Killed an ancient lich
 66153 | Depths:3 | Killed Gucom's ghost
 66190 | Depths:4 | Entered Level 4 of the Depths
 66190 | Depths:4 | Noticed a juggernaut
 66190 | Depths:4 | Found a one-way gateway to a ziggurat.
 66213 | Depths:4 | Found a runed translucent door.
 66252 | Depths:3 | Killed a juggernaut
 66305 | Depths:3 | Reached skill level 26 in Fighting
 66491 | Depths:4 | Identified the +0 chain mail "Davoron" {Dex+3}
 66495 | Depths:4 | Found Zaanadd's Antique Weapon Shop.
 66557 | Depths:4 | Noticed Saint Roka
 66908 | Depths:4 | Killed Saint Roka
 67469 | Depths:4 | Noticed Xutext's ghost (adept DsAK)
 67547 | Depths:4 | Found a gate to the Realm of Zot.
 67778 | Depths:4 | Found Raarghae's General Store.
 67786 | Depths:4 | Bought a scroll of fear for 84 gold pieces
 67786 | Depths:4 | Bought a scroll of fog for 84 gold pieces
 67786 | Depths:4 | Bought a scroll of fog for 84 gold pieces
 68173 | Depths:4 | Killed Xutext's ghost
 68209 | Zot:1    | Entered Level 1 of the Realm of Zot
 68846 | Zot:1    | Noticed an orb of fire
 68848 | Zot:1    | Gained mutation: You occasionally lose the ability to read
                  | scrolls when taking damage. [an orb of fire]
 68858 | Zot:1    | Gained mutation: You occasionally shout uncontrollably at
                  | your foes. [an orb of fire]
 68862 | Zot:1    | Gained mutation: You are clumsy. (Dex -2) [an orb of fire]
 68864 | Zot:1    | Killed an orb of fire
 68865 | Zot:1    | Reached skill level 27 in Fighting
 68865 | Zot:1    | Gained mutation: Your demonic aura causes all spilled blood
                  | to erupt in flames. [demonic ancestry]
 68865 | Zot:1    | Reached XP level 25. HP: 219/234 MP: 26/26
 70370 | Zot:2    | Identified the ring of Usastrupt {Ice Str+4 Int+3 SInv}
 70370 | Zot:2    | Noticed Josephina
 70405 | Zot:2    | Killed Josephina
 70664 | Zot:2    | Identified the ring "Opaoteimipt" {rPois rF+ rN+}
 71980 | Zot:3    | You fall into a shaft and drop 1 floor!
 72085 | Zot:3    | Noticed an orb of fire
 72092 | Zot:3    | Gained mutation: You are dopey. (Int -2) [an orb of fire]
 72095 | Zot:3    | Gained mutation: Your magical capacity is low. (-10% MP)
                  | [an orb of fire]
 72096 | Zot:3    | Gained mutation: You are occasionally teleported next to
                  | monsters. [an orb of fire]
 72101 | Zot:3    | Killed an orb of fire
 72105 | Zot:3    | Lost mutation: You occasionally shout uncontrollably at
                  | your foes. [potion of mutation]
 72105 | Zot:3    | Lost mutation: Your magical capacity is low. (-10% MP)
                  | [potion of mutation]
 72105 | Zot:3    | Lost mutation: You are dopey. (Int -2) [potion of mutation]
 72105 | Zot:3    | Gained mutation: You are frail. (-10% HP) [potion of
                  | mutation]
 72105 | Zot:3    | Gained mutation: You have a pair of small horns on your
                  | head. [potion of mutation]
 72105 | Zot:3    | Gained mutation: Your spells are a little easier to cast,
                  | but a little less powerful. [potion of mutation]
 72106 | Zot:3    | Lost mutation: You are frail. (-10% HP) [potion of
                  | mutation]
 72106 | Zot:3    | Lost mutation: You are occasionally teleported next to
                  | monsters. [potion of mutation]
 72106 | Zot:3    | Gained mutation: Your muscles are strong. (Str +4, Int/Dex
                  | -1) [potion of mutation]
 72106 | Zot:3    | Gained mutation: You possess an exceptional clarity of
                  | mind. [potion of mutation]
 72107 | Zot:3    | Lost mutation: Your spells are a little easier to cast, but
                  | a little less powerful. [potion of mutation]
 72107 | Zot:3    | Lost mutation: You are clumsy. (Dex -2) [potion of
                  | mutation]
 72107 | Zot:3    | Gained mutation: You passively map a small area around you.
                  | [potion of mutation]
 72107 | Zot:3    | Gained mutation: You are somewhat resistant to further
                  | mutation. [potion of mutation]
 72910 | Zot:4    | Identified the ring "Yxegulue" {rPois Int+6}
 73813 | Zot:5    | Entered Level 5 of the Realm of Zot
 73813 | Zot:5    | Found a transporter.
 73813 | Zot:5    | Found a transporter.
 73959 | Zot:5    | Reached XP level 26. HP: 217/242 MP: 26/26
 74189 | Zot:5    | Found a huge runed gate.
 74189 | Zot:5    | Found a huge runed gate.
 74190 | Zot:5    | Found a huge runed gate.
 74190 | Zot:5    | Found a huge runed gate.
 74191 | Zot:5    | Found a huge runed gate.
 74191 | Zot:5    | Found a huge runed gate.
 74191 | Zot:5    | Found a huge runed gate.
 74192 | Zot:5    | Found a huge runed gate.
 74192 | Zot:5    | Found a huge runed gate.
 74192 | Zot:5    | Found a huge runed gate.
 74199 | Zot:5    | Found a huge runed gate.
 74199 | Zot:5    | Found a huge runed gate.
 74199 | Zot:5    | Found a huge runed gate.
 74199 | Zot:5    | Found a huge runed gate.
 74199 | Zot:5    | Found a huge runed gate.
 74199 | Zot:5    | Found a huge runed gate.
 74199 | Zot:5    | Found a huge runed gate.
 74200 | Zot:5    | Found a huge runed gate.
 74201 | Zot:5    | Found a huge runed gate.
 74210 | Zot:5    | Found a huge runed gate.
 74210 | Zot:5    | Found a huge runed gate.
 74210 | Zot:5    | Found a huge runed gate.
 74210 | Zot:5    | Found a huge runed gate.
 74210 | Zot:5    | Found a huge runed gate.
 74210 | Zot:5    | Found a huge runed gate.
 74210 | Zot:5    | Found a huge runed gate.
 74211 | Zot:5    | Found a huge runed gate.
 74212 | Zot:5    | Found a huge runed gate.
 74220 | Zot:5    | Found a huge runed gate.
 74220 | Zot:5    | Found a huge runed gate.
 74220 | Zot:5    | Found a huge runed gate.
 74220 | Zot:5    | Found a huge runed gate.
 74220 | Zot:5    | Found a huge runed gate.
 74220 | Zot:5    | Found a huge runed gate.
 74220 | Zot:5    | Found a huge runed gate.
 74221 | Zot:5    | Found a huge runed gate.
 74479 | Zot:5    | Acquired the +1 pair of gloves of Follow the Leader {rC+
                  | Int+3}
 75026 | Zot:5    | Noticed an orb of fire
 75055 | Zot:5    | Killed an orb of fire
 75282 | Zot:5    | Noticed an ancient lich
 75308 | Zot:5    | Killed an ancient lich
 75662 | Zot:5    | Noticed a dread lich
 75682 | Zot:5    | Killed a dread lich
 75711 | Zot:5    | Noticed a dread lich
 75718 | Zot:5    | Noticed an orb of fire
 75723 | Zot:5    | Noticed an orb of fire
 75731 | Zot:5    | Killed a dread lich
 75747 | Zot:5    | Killed an orb of fire
 75753 | Zot:5    | Gained mutation: You occasionally lose the ability to drink
                  | potions when taking damage. [an orb of fire]
 75755 | Zot:5    | Killed an orb of fire
 76213 | Zot:5    | Got the Orb of Zot
 76399 | D:14     | Noticed a seraph
 76497 | D:9      | Noticed Fyatruemn the pandemonium lord
 76544 | D:7      | Gained mutation: You are frail. (-10% HP) [a cacodemon]
 76673 | D:$      | Escaped with the Orb!

Illustrated notes

Levels and vault maps discovered:
D:1:      dpeg_arrival_line_fractal, layout_loops_ring,
          hellmonk_ecumenical_altar_zigzags, amethyst_killhole
D:2:      layout_basic, chequers_serial_rivers_large_a, minmay_lizard_king,
          uniq_crazy_yiuf_cottage
D:3:      layout_loops_ring, cheibriados_altar_1, grunt_dithmenos_smoke
D:4:      layout_loops_ring
D:5:      layout_loops_corners, general_overflow_altar,
          nicolae_hepliaklqana_monster_ancestors, serial_shops, shop_fountains,
          uniq_pikel
D:6:      layout_loops_corners, bloody_trog,
          mainiacjoe_overflow_six_doors_small, uniq_duvessa
D:7:      layout_loops_corners, mainiacjoe_overflow_divided_tiny,
          minmay_temple_entry_trees, minmay_misc_feat_alley,
          kennysheep_small_square
D:8:      layout_basic, enter_bailey_4, hex_intersection, uniq_erica, uniq_grum
D:9:      layout_stronghold, mainiacjoe_overflow_alcove_2, david_orc_3,
          nrook_uturn, nicolae_diode_basic
D:10:     layout_stronghold, dpeg_lair_monsters
D:11:     minmay_the_grid_triangle_9x9_rhombus_thin_mashed
          [minmay_the_grid_triangle_9x9_descending_squares,
          minmay_the_grid_triangle_9x9_prize_insulated,
          minmay_the_grid_triangle_9x9_pentomino_pain,
          minmay_the_grid_triangle_9x9_warning], layout_small_grid,
          nicolae_shop_gadgets, uniq_sonja
D:12:     nzn_motion_control, layout_basic, gammafunk_ghost_split, st_stairs_7,
          uniq_nergalle
D:13:     layout_loops_ring, gauntlet_entry_generic
D:14:     layout_gridville, david_vaults_1, chequers_arboretum, vehumet_crystals
D:15:     grunt_enter_depths_hoard, layout_gridville, fedhas_altar_2
Lair:1:   layout_cave_shapes, basic_altar
Lair:2:   layout_cave_pods, minmay_swamp_entry_worms, infiniplex_staircase_pool
Lair:3:   dpeg_oklob_gauntlet, layout_long_grid, dummy_spider_entry
Lair:4:   layout_cellular_growth, minmay_slime_entry_jelly_boxes,
          lemuel_fruit_fields
Lair:5:   hangedman_lair_tendril_chambers, layout_cave_pods, evilmike_ambush
          [evilmike_ambush_outer_corners, evilmike_ambush_inner_basic],
          serial_bayou_shore_a, lemuel_fruit_tree
Swamp:1:  layout_basic_swamp, nicolae_swamp_little_swirl, uniq_nikola
Swamp:2:  nicolae_swamp_secret_spriggan_hideout, layout_basic_swamp,
          hangedman_swamp_cone
Swamp:3:  layout_basic_swamp, evilmike_swamp_ruin_wall, swamp_pool4,
          roderic_carrion_pond, uniq_donald
Swamp:4:  swamp_alternative, layout_basic_swamp, uniq_roxanne
Spider:1: layout_spider_delve
Spider:2: layout_spider_delve, hangedman_spider_tarantella_strand
Spider:3: layout_spider_delve, uniq_arachne, uniq_mara
Spider:4: grunt_spider_rune_parallel, nicolae_spider_wall_of_niches,
          uniq_asterion
Orc:1:    layout_caves, uniq_harold
Orc:2:    grunt_orc_gardens, layout_caves, grunt_orc_garden, grunt_orc_garden,
          grunt_orc_garden, grunt_orc_garden, basic_altar,
          ebering_ghost_inner_flame, uniq_jorgrun, uniq_maurice
Elf:1:    minmay_elf_arrival_circle, layout_rooms, nicolae_trove_entry_isolated,
          hangedman_elven_crosses_minicolossus,
          nicolae_concentric_dashed_squares_wild, uniq_agnes
Elf:2:    elven_hall_of_blades_hangedman_original
          [nicolae_blade_entry_crossed_weapons], layout_loops_cross,
          minivault_16
Elf:3:    minmay_elf_hall_x, layout_gridlike, serial_shops, shop, drop_trap,
          nrook_loot_triangle, corner_web_ring, due_unseen_surprise
Vaults:1: nicolae_vaults_closet_pinwheel_5, hangedman_vaults_trim,
          ontoclasm_vaults_misaligned, nicolae_vaults_mini_display_case,
          nicolae_vaults_turnstiles, layout_vaults_quadrants
Vaults:2: gammafunk_ghost_split, nicolae_vaults_network_s,
          nicolae_vaults_shipping_containers_1,
          nicolae_vaults_closet_pinwheel_5, vaults_mumra_lcd,
          nicolae_vaults_sesquioval_fish, nicolae_vaults_little_squares_4,
          grunt_vaults_hallway_short, ontoclasm_vaults_decontamination,
          vaults_room_grunt_arrival_ludios, vaults_dpeg_ring,
          layout_vaults_chaotic_city, uniq_sojobo
Vaults:3: minmay_crypt_entry_simple_statues, grunt_vaults_twisty,
          vaults_mumra_chevron, nicolae_vaults_offset_grid_hallway_3,
          nicolae_vaults_trapezoid_lopsided_4, nicolae_vaults_specimen_jars,
          nicolae_vaults_steering_wheel, nicolae_vaults_storing_the_good_stuff,
          nicolae_vaults_offset_grid_hallway_2,
          nicolae_vaults_closet_pinwheel_4, nicolae_vaults_layer_cake_slice,
          v_misc_26, vaults_room_corners, layout_vaults_omnicross,
          uniq_bai_suzhen
Vaults:4: nicolae_vaults_network_quinsquares
          [nicolae_vaults_network_quincunx_subvault,
          nicolae_vaults_network_quincunx_subvault,
          nicolae_vaults_network_quincunx_subvault,
          nicolae_vaults_network_quincunx_subvault],
          nicolae_vaults_double_plus_2, vaults_room_grid, grunt_vaults_diagonal,
          nicolae_vaults_security_offices_1, v_misc_33,
          hangedman_vaults_river_flow, v_misc_5, nicolae_vaults_house_1,
          vaults_room_semicircle, nicolae_vaults_two_Ls,
          nicolae_vaults_little_squares_1, vaults_room_hallway,
          nicolae_vaults_house_3, layout_vaults_maze_snakey
Vaults:5: serial_shops
Crypt:1:  layout_catacombs, chequers_big_river, grunt_crypt_arrival_webbed,
          grunt_megastairs_3, uniq_margery, uniq_xtahua
Crypt:2:  hangedman_hall_of_fallen_heroes, layout_regular_city, pandoras_box_mu
Crypt:3:  david_glass_crypt, layout_gridlike, uniq_jory
Depths:1: layout_gridlike, abyss_entry, hellmouth_3, hangedman_decor_slide_cut,
          gammafunk_ghost_ooze, lightli_minifort
Depths:2: grunt_twisty_corner, layout_small_grid, abyss_entry_glasseish,
          pf_hell_entry_great_geh, rand_demon_pan_entry_1, dk_noncrumbling_3
Depths:3: dreamdust_hydra_shepherd, layout_cave_pools, hell_entry,
          gammafunk_ghost_necromancy, nicolae_abyss_entry_one_way_or_another,
          pan_entry, kennysheep_generic_room_5, minmay_staircase_windowed_small,
          minmay_shop_grove
Depths:4: grunt_zot_entry_funnels, layout_cave_shapes, enter_ziggurat_b,
          serial_shops, shop, shop, glass_columns_a, grunt_hell_entry_dis_mu,
          ebering_ghost_reflecting_pool, uniq_saint_roka
Zot:1:    kennysheep_bubbly, layout_onion, grunt_megastairs_1
Zot:2:    layout_twisted_circle, uniq_josephina
Zot:3:    layout_cathedral_of_symmetry, grunt_ministairs_15
Zot:4:    layout_cathedral_of_symmetry
Zot:5:    layout_misc_corridors, gammafunk_ghost_door_vault,
          nicolae_diode_stairs

Skill      XL: |  1  2  3  4  5  6  7  8  9 10 11 12 13 14 15 16 17 18 19 20 21 22 23 24 25 26 |
---------------+-------------------------------------------------------------------------------+-----
Ranged Weapons | 4 5 |  5.0
Short Blades   | 2 3 5 6 7 8 10 11 14 17 20 | 20.0
Stealth        | 1 2 3 5 10 16 | 16.5
Evocations     | 1 2 5 |  5.0
Dodging        | 4 5 8 10 14 15 19 22 | 22.6
Fighting       | 3 5 10 14 15 16 20 23 27 | 27.0
Shields        | 5 6 10 12 13 15 | 15.0
Armour         | 4 5 6 10 14 15 | 15.0
Invocations    | 5 |  5.0

Action                     |  1- 3 |  4- 6 |  7- 9 | 10-12 | 13-15 | 16-18 | 19-21 | 22-24 | 25-27 || total
---------------------------+-------+-------+-------+-------+-------+-------+-------+-------+-------++-------
  Melee: Short sword       |       |   221 |   367 |   902 |  1033 |       |       |       |       ||  2523
         Punch             |       |     6 |     5 |       |       |       |       |       |       ||    11
         Tailslap          |       |       |    35 |   191 |   338 |   385 |   573 |   737 |   341 ||  2600
         Rapier            |       |       |       |    14 |   375 |  1692 |  2200 |  2376 |  1081 ||  7738
         Headbutt          |       |       |       |       |       |       |       |       |   269 ||   269
   Fire: Shortbow          |   142 |    15 |       |       |       |       |       |       |       ||   157
  Throw: Dart              |       |     4 |     3 |    11 |     6 |       |       |       |       ||    24
         Throwing net      |       |       |       |       |       |     1 |     1 |     2 |     3 ||     7
 Invoke: Shadow Step       |       |       |       |       |     3 |     8 |     4 |     2 |     1 ||    18
  Evoke: Wand              |       |       |    10 |    12 |    11 |    37 |     2 |     8 |     7 ||    87
         Condenser vane    |       |       |       |     2 |     2 |     1 |     1 |       |     1 ||     7
         Lightning rod     |       |       |       |       |     7 |       |       |       |       ||     7
         Box of beasts     |       |       |       |       |     1 |       |       |       |       ||     1
         Phial of floods   |       |       |       |       |       |     1 |       |       |     2 ||     3
         Phantom mirror    |       |       |       |       |       |       |     1 |     2 |       ||     3
    Use: Potion            |     1 |     3 |     3 |     2 |     1 |     5 |     2 |     6 |    12 ||    35
         Scroll            |       |     8 |     1 |     1 |    29 |    19 |     7 |     7 |    12 ||    84
   Stab: Sleeping          |       |     5 |    10 |    28 |    75 |   116 |   131 |    40 |    15 ||   420
         Invisible         |       |     1 |       |       |       |       |       |       |       ||     1
         Paralysed         |       |       |     3 |     1 |     3 |     3 |     1 |       |       ||    11
         Distracted        |       |       |     2 |     6 |    16 |    22 |    23 |    37 |    19 ||   125
         Confused          |       |       |       |       |     3 |       |       |       |     6 ||     9
         Held in net/web   |       |       |       |       |       |     1 |     4 |     3 |     2 ||    10
 Armour: Leather armour    |    24 |    37 |    34 |    22 |       |       |       |       |       ||   117
         Troll leather arm |       |       |       |    40 |    94 |       |       |       |       ||   134
         Acid dragon scale |       |       |       |       |       |   331 |   231 |   263 |   149 ||   974
  Dodge: Dodged            |    35 |    75 |   142 |   329 |   646 |  1257 |   892 |  1123 |   595 ||  5094
  Block: Other             |       |    12 |    51 |       |       |       |       |       |       ||    63
         Kite shield       |       |       |    10 |   610 |   789 |  1420 |  1377 |  1660 |   757 ||  6623
         Reflection        |       |       |     4 |     7 |     5 |    10 |    44 |    54 |     9 ||   133
